APP
MIAMI (APP) MARLINS @ BRISTOL PIRATES
09/20/2047
 
TOP OF THE 1ST
Miami (APP) Marlins batting - Pitching for Bristol Pirates : RHP Randy Nelligan
Pitching: RHP Randy Nelligan
Batting: RHB Calvin Morin 0-0: Swinging Strike
0-1: Swinging Strike
0-2: Ball
1-2: Strikes out swinging
Batting: RHB Terrell Smith 0-0: Ball
1-0: Swinging Strike
1-1: Ball
2-1: Called Strike
2-2: Strikes out looking
Batting: LHB Dong-u Chang 0-0: Swinging Strike
0-1: Foul Ball, location: 2F
0-2: Ball
1-2: Ball
2-2: Strikes out swinging
Top of the 1st over - 0 runs, 0 hits, 0 errors, 0 left on base; Miami (APP) 0 - Bristol 0
BOTTOM OF THE 1ST
Bristol Pirates batting - Pitching for Miami (APP) Marlins : RHP Franklin Vazquez
Pitching: RHP Franklin Vazquez
Batting: LHB Norm Silveira-Wray 0-0: Foul Ball, location: 2F
0-1: Called Strike
0-2: Reaches on Catchers interference
Batting: RHB Dave Fredericks 0-0: Called Strike
Norm Silveira-Wray steals 2nd base
0-1: Ball
1-1: Foul Ball, location: 2F
1-2: Foul Ball, location: 2F
1-2: Ball
2-2: SINGLE (Groundball, 56D, EV 104.4 MPH)
Norm Silveira-Wray to third
Batting: RHB Alain Marquet 0-0: Fly out, F7 (Flyball, 7LS, EV 88.8 MPH)
Batting: LHB Chad Cutler 0-0: Ball
1-0: Swinging Strike
1-1: Ball
2-1: Foul Ball, location: 2F
2-2: Fly out, F8 (Line Drive, 8RM, EV 95.0 MPH)
Batting: RHB Jeff Edwards 0-0: Called Strike
0-1: Foul Ball, location: 2F
0-2: Ball
1-2: Ball
Wild Pitch!
Norm Silveira-Wray scores
Dave Fredericks to second
2-2: Ball
3-2: Foul Ball, location: 2F
3-2: Base on Balls
Batting: SHB Ronnie Brooks 0-0: Ball
1-0: Ball
2-0: Foul Ball, location: 2F
2-1: Ground out 4-3 (Groundball, 4, EV 104.4 MPH)
Bottom of the 1st over - 1 run, 1 hit, 1 error, 2 left on base; Miami (APP) 0 - Bristol 1
TOP OF THE 2ND
Miami (APP) Marlins batting - Pitching for Bristol Pirates : RHP Randy Nelligan
Batting: RHB Jason Thrash 0-0: Called Strike
0-1: Ball
1-1: Swinging Strike
1-2: Strikes out swinging
Batting: RHB George Boivin 0-0: Ball
1-0: Foul Ball, location: 2F
1-1: Called Strike
1-2: Foul Ball, location: 2F
1-2: Foul Ball, location: 2F
1-2: Foul Ball, location: 2F
1-2: Strikes out looking
Batting: SHB Greg Rivera 0-0: Called Strike
0-1: Foul Ball, location: 2F
0-2: Foul Ball, location: 2F
0-2: Foul Ball, location: 2F
0-2: Strikes out swinging
Top of the 2nd over - 0 runs, 0 hits, 0 errors, 0 left on base; Miami (APP) 0 - Bristol 1
BOTTOM OF THE 2ND
Bristol Pirates batting - Pitching for Miami (APP) Marlins : RHP Franklin Vazquez
Batting: RHB Steve Terres 0-0: Ball
1-0: Fly out, F7 (Flyball, 78S, EV 99.4 MPH)
Batting: RHB Alex Arzate 0-0: Called Strike
0-1: Single, Error in OF, E7, batter to second base (Line Drive, 78S, EV 95.0 MPH)
Batting: SHB Juan Ayala 0-0: Swinging Strike
0-1: Fly out, F9 (Line Drive, 9, EV 97.5 MPH)
Batting: LHB Norm Silveira-Wray 0-0: Called Strike
0-1: Swinging Strike
0-2: Fly out, F8 (Line Drive, 78M, EV 91.9 MPH)
Bottom of the 2nd over - 0 runs, 1 hit, 1 error, 1 left on base; Miami (APP) 0 - Bristol 1
TOP OF THE 3RD
Miami (APP) Marlins batting - Pitching for Bristol Pirates : RHP Randy Nelligan
Batting: RHB David Martin 0-0: Called Strike
0-1: Called Strike
0-2: Fly out, F9 (Flyball, 9, EV 88.8 MPH)
Batting: RHB Rick English 0-0: Ball
1-0: Swinging Strike
1-1: Called Strike
1-2: Hit by Pitch
Batting: RHB Axel Moltke 0-0: Swinging Strike
0-1: Swinging Strike
0-2: Ball
1-2: Ball
2-2: Foul Ball, location: 2F
2-2: Strikes out swinging
Batting: RHB Calvin Morin 0-0: Ground out 4-3 (Groundball, 4, EV 81.2 MPH)
Top of the 3rd over - 0 runs, 0 hits, 0 errors, 1 left on base; Miami (APP) 0 - Bristol 1
BOTTOM OF THE 3RD
Bristol Pirates batting - Pitching for Miami (APP) Marlins : RHP Franklin Vazquez
Batting: RHB Dave Fredericks 0-0: Ball
1-0: Ball
2-0: Called Strike
2-1: Ground out 5-3 (Groundball, 56S, EV 80.0 MPH)
Batting: RHB Alain Marquet 0-0: Called Strike
0-1: Ball
1-1: Ball
2-1: Ball
3-1: Base on Balls
Batting: LHB Chad Cutler 0-0: SINGLE (Line Drive, 7LS, EV 109.4 MPH)
Alain Marquet to second
Batting: RHB Jeff Edwards 0-0: SINGLE (Flyball, 7S, EV 95.6 MPH)
Alain Marquet to third
Chad Cutler to second
Batting: SHB Ronnie Brooks 0-0: Foul Ball, location: 2F
0-1: Called Strike
0-2: Ball
1-2: Foul Ball, location: 2F
1-2: Foul Ball, location: 2F
1-2: Foul Ball, location: 2F
1-2: Ball
2-2: Foul Ball, location: 2F
2-2: Ball
3-2: Base on Balls
Alain Marquet scores
Chad Cutler to third
Jeff Edwards to second
Batting: RHB Steve Terres 0-0: Single, Error in OF, E9, batter to second base (Groundball, 34D, EV 96.2 MPH)
Chad Cutler scores
Jeff Edwards scores
Ronnie Brooks to third
Batting: RHB Alex Arzate 0-0: Ball
1-0: Ball
2-0: Ball
3-0: Called Strike
3-1: Called Strike
3-2: Strikes out swinging
Batting: SHB Juan Ayala 0-0: Ball
1-0: Swinging Strike
1-1: Ball
2-1: Swinging Strike
2-2: Reached on error, E6 (Groundball, 4M, EV 83.1 MPH)
Ronnie Brooks scores
Steve Terres to third
Batting: LHB Norm Silveira-Wray 0-0: Ball
1-0: Foul Ball, location: 2F
1-1: Called Strike
1-2: Ball
2-2: Ball
3-2: Ground out 4-3 (Groundball, 13, EV 80.6 MPH)
Bottom of the 3rd over - 4 runs, 3 hits, 2 errors, 2 left on base; Miami (APP) 0 - Bristol 5
TOP OF THE 4TH
Miami (APP) Marlins batting - Pitching for Bristol Pirates : RHP Randy Nelligan
Batting: RHB Terrell Smith 0-0: Ball
1-0: Called Strike
1-1: Swinging Strike
1-2: Foul Ball, location: 2F
1-2: Ball
2-2: Ball
3-2: Base on Balls
Batting: LHB Dong-u Chang 0-0: Foul Ball, location: 2F
0-1: Ball
1-1: Reached on error, E8 (Line Drive, 8RM, EV 90.0 MPH)
Terrell Smith to third
Batting: RHB Jason Thrash 0-0: Called Strike
0-1: Ball
1-1: Fly out, F9 (Line Drive, 9, EV 99.4 MPH)
Runner from 3rd tags up, SCORES, throw by RF
Dong-u Chang to third
Batting: RHB George Boivin 0-0: Called Strike
0-1: Foul Ball, location: 2F
0-2: Strikes out swinging
Batting: SHB Greg Rivera 0-0: Ball
1-0: Called Strike
1-1: Ball
2-1: Swinging Strike
2-2: Strikes out looking
Top of the 4th over - 1 run, 0 hits, 1 error, 1 left on base; Miami (APP) 1 - Bristol 5
BOTTOM OF THE 4TH
Bristol Pirates batting - Pitching for Miami (APP) Marlins : RHP Franklin Vazquez
Batting: RHB Dave Fredericks 0-0: Called Strike
0-1: SINGLE (Groundball, 6D, EV 104.4 MPH)
Pitching: RHP Aidan Mitchell
Batting: RHB Alain Marquet 0-0: Called Strike
0-1: Called Strike
0-2: Fielders Choice at 2nd, 6-4 (Groundball, 6, EV 81.9 MPH)
Batting: LHB Chad Cutler 0-0: Ball
1-0: Foul Ball, location: 2F
1-1: Ball
2-1: Ball
3-1: Base on Balls
Alain Marquet to second
Batting: RHB Jeff Edwards 0-0: Called Strike
0-1: Foul Ball, location: 2F
0-2: Fly out, F8 (Flyball, 8RXD, EV 103.1 MPH)
Batting: SHB Ronnie Brooks 0-0: Ground out U3 (Groundball, 3, EV 94.4 MPH)
Bottom of the 4th over - 0 runs, 1 hit, 0 errors, 2 left on base; Miami (APP) 1 - Bristol 5
TOP OF THE 5TH
Miami (APP) Marlins batting - Pitching for Bristol Pirates : RHP Randy Nelligan
Batting: RHB David Martin 0-0: Foul Ball, location: 2F
0-1: Ball
1-1: Foul Ball, location: 2F
1-2: Ball
2-2: Foul Ball, location: 2F
2-2: Ball
3-2: Foul Ball, location: 2F
3-2: Base on Balls
Batting: RHB Rick English 0-0: Called Strike
0-1: Foul Ball, location: 2F
0-2: Ball
1-2: Strikes out swinging
Batting: RHB Axel Moltke 0-0: Called Strike
0-1: Foul Ball, location: 2F
0-2: Ball
1-2: DOUBLE (Line Drive, 78M, EV 103.8 MPH)
David Martin to third
Runner from 3rd tries for Home, throw by LF and OUT! 7-6-2
Axel Moltke to third
Batting: RHB Calvin Morin 0-0: Ball
1-0: Foul Ball, location: 2F
1-1: Foul Ball, location: 2F
1-2: Ball
2-2: Foul Ball, location: 2F
2-2: Foul Ball, location: 2F
2-2: Foul Ball, location: 2F
2-2: Ball
3-2: Base on Balls
Pitching: RHP Frank Morris
Batting: RHB Terrell Smith 0-0: Called Strike
0-1: Fly out, F7 (Flyball, 78M, EV 90.0 MPH)
Top of the 5th over - 0 runs, 1 hit, 0 errors, 2 left on base; Miami (APP) 1 - Bristol 5
BOTTOM OF THE 5TH
Bristol Pirates batting - Pitching for Miami (APP) Marlins : RHP Aidan Mitchell
Batting: RHB Steve Terres 0-0: Ball
1-0: DOUBLE (Line Drive, 78D, EV 106.2 MPH)
Batting: RHB Alex Arzate 0-0: Called Strike
0-1: Foul Ball, location: 2F
0-2: Ball
1-2: Foul Ball, location: 2F
1-2: SINGLE (Groundball, 5D, EV 97.5 MPH)
Steve Terres to third
Batting: SHB Juan Ayala 0-0: Ball
1-0: Ball
2-0: Called Strike
2-1: Foul Ball, location: 2F
2-2: Fly out, F9 (Flyball, 89M, EV 94.4 MPH)
Batting: LHB Norm Silveira-Wray 0-0: Ball
1-0: Foul Ball, location: 2F
1-1: Foul Ball, location: 2F
1-2: Ball
2-2: Ball
3-2: Base on Balls
Alex Arzate to second
Batting: RHB Dave Fredericks 0-0: Ball
1-0: Ball
2-0: Called Strike
2-1: Ball
3-1: Called Strike
3-2: Base on Balls
Steve Terres scores
Alex Arzate to third
Norm Silveira-Wray to second
Pitching: RHP Danny Alvarez
Batting: RHB Alain Marquet 0-0: Swinging Strike
0-1: Ball
1-1: Foul Ball, location: 2F
1-2: Foul Ball, location: 2F
1-2: Strikes out swinging
Batting: LHB Chad Cutler 0-0: Ball
1-0: DOUBLE (Line Drive, 78D, EV 108.1 MPH)
Alex Arzate scores
Norm Silveira-Wray scores
Dave Fredericks to third
Batting: RHB Jeff Edwards 0-0: Called Strike
0-1: Fly out, F8 (Flyball, 8RD, EV 100.6 MPH)
Bottom of the 5th over - 3 runs, 3 hits, 0 errors, 2 left on base; Miami (APP) 1 - Bristol 8
TOP OF THE 6TH
Miami (APP) Marlins batting - Pitching for Bristol Pirates : RHP Frank Morris
Batting: LHB Dong-u Chang 0-0: Called Strike
0-1: Foul Ball, location: 2F
0-2: Ball
1-2: Strikes out swinging
Batting: RHB Jason Thrash 0-0: Ball
1-0: Called Strike
1-1: Swinging Strike
1-2: Ball
2-2: Foul Ball, location: 2F
2-2: Foul Ball, location: 2F
2-2: Fly out, F4 (Line Drive, 4, EV 66.2 MPH)
Batting: RHB George Boivin 0-0: Ball
1-0: Fly out, F8 (Flyball, 89S, EV 85.0 MPH)
Top of the 6th over - 0 runs, 0 hits, 0 errors, 0 left on base; Miami (APP) 1 - Bristol 8
BOTTOM OF THE 6TH
Bristol Pirates batting - Pitching for Miami (APP) Marlins : RHP Danny Alvarez
Batting: SHB Ronnie Brooks 0-0: Ball
1-0: Called Strike
1-1: Foul Ball, location: 2F
1-2: Ball
2-2: Foul Ball, location: 2F
2-2: Strikes out swinging
Batting: RHB Steve Terres 0-0: Ball
1-0: Ball
2-0: Ball
3-0: Called Strike
3-1: Base on Balls
Batting: RHB Alex Arzate 0-0: Fielders Choice at 2nd, 6-4 (Groundball, 6, EV 83.8 MPH)
Batting: SHB Juan Ayala 0-0: Ball
1-0: Ball
2-0: Called Strike
2-1: DOUBLE (Line Drive, 3D, EV 103.8 MPH)
Alex Arzate to third
Batting: LHB Norm Silveira-Wray 0-0: Ball
1-0: Ball
2-0: Foul Ball, location: 2F
2-1: Ball
3-1: Base on Balls
Batting: RHB Dave Fredericks 0-0: Ball
1-0: Foul Ball, location: 2F
1-1: Ball
2-1: Foul Ball, location: 2F
2-2: Ground out 5-3 (Groundball, 56S, EV 69.4 MPH)
Bottom of the 6th over - 0 runs, 1 hit, 0 errors, 3 left on base; Miami (APP) 1 - Bristol 8
TOP OF THE 7TH
Miami (APP) Marlins batting - Pitching for Bristol Pirates : RHP Frank Morris
Batting: SHB Greg Rivera 0-0: Ball
1-0: Called Strike
1-1: Ball
2-1: Ball
3-1: Base on Balls
Batting: RHB David Martin 0-0: Ball
1-0: Called Strike
1-1: Foul Ball, location: 2F
1-2: Fielders Choice at 2nd, 4-6 (Groundball, 4, EV 87.5 MPH)
Pitching: RHP Ian Ferrara
Batting: RHB Rick English 0-0: Ball
1-0: Foul Ball, location: 2F
1-1: Called Strike
1-2: Ball
2-2: Fly out, F9 (Flyball, 9D, EV 83.8 MPH)
Batting: RHB Axel Moltke 0-0: Called Strike
0-1: Ball
1-1: Ball
2-1: Foul Ball, location: 2F
2-2: SINGLE (Groundball, 56D, EV 95.6 MPH)
David Martin to second
Batting: RHB Calvin Morin 0-0: Fielders Choice at 2nd, 6-4 (Groundball, 6, EV 87.5 MPH)
Top of the 7th over - 0 runs, 1 hit, 0 errors, 2 left on base; Miami (APP) 1 - Bristol 8
BOTTOM OF THE 7TH
Bristol Pirates batting - Pitching for Miami (APP) Marlins : RHP Danny Alvarez
Pitching: LHP Brian Worthy
Batting: RHB Alain Marquet 0-0: Ball
1-0: Ball
2-0: Ball
3-0: Called Strike
3-1: Foul Ball, location: 2F
3-2: Foul Ball, location: 2F
3-2: Base on Balls
Batting: LHB Chad Cutler 0-0: Fielders Choice at 2nd, 3-6 (Groundball, 13, EV 78.8 MPH)
Batting: RHB Jeff Edwards 0-0: 2-RUN HOME RUN (Flyball, 7D, EV 103.8 MPH), Distance : 384 ft
Batting: RHB Hector Barajas 0-0: Called Strike
0-1: Ball
1-1: Foul Ball, location: 2F
1-2: Fly out, F8 (Flyball, 89D, EV 85.0 MPH)
Batting: RHB Steve Terres 0-0: Foul Ball, location: 2F
0-1: Foul Ball, location: 2F
0-2: Foul Ball, location: 2F
0-2: SINGLE (Groundball, 34D, EV 104.4 MPH)
Pinch Hitting: SHB Don Hauk 0-0: Fly out, F7 (Flyball, 78M, EV 70.6 MPH)
Bottom of the 7th over - 2 runs, 2 hits, 0 errors, 1 left on base; Miami (APP) 1 - Bristol 10
TOP OF THE 8TH
Miami (APP) Marlins batting - Pitching for Bristol Pirates : RHP Ian Ferrara
Now at 2B: Don Hauk
Batting: RHB Terrell Smith 0-0: Foul Ball, location: 2F
0-1: Called Strike
0-2: Ball
1-2: Strikes out swinging
Pinch Hitting: RHB Tony Ledezma 0-0: Ball
1-0: Foul Ball, location: 2F
1-1: Ball
2-1: Called Strike
2-2: Ball
3-2: DOUBLE (Groundball, 5L, EV 103.1 MPH)
Pitching: RHP Serguei Rudakovsky
Batting: RHB Jason Thrash 0-0: Called Strike
0-1: Swinging Strike
0-2: Ball
1-2: Ball
2-2: Ground out 5-3 (Groundball, 5, EV 78.8 MPH)
Batting: RHB George Boivin 0-0: Foul Ball, location: 2F
0-1: Ball
1-1: Swinging Strike
1-2: Ball
2-2: Ball
3-2: Strikes out swinging
Top of the 8th over - 0 runs, 1 hit, 0 errors, 1 left on base; Miami (APP) 1 - Bristol 10
BOTTOM OF THE 8TH
Bristol Pirates batting - Pitching for Miami (APP) Marlins : LHP Brian Worthy
Now at SS: Tony Ledezma
Batting: SHB Juan Ayala 0-0: Ground out 5-3 (Groundball, 56, EV 100.6 MPH)
Batting: LHB Norm Silveira-Wray 0-0: Called Strike
0-1: Ball
1-1: Ball
2-1: Ball
3-1: Foul Ball, location: 2F
3-2: Foul Ball, location: 2F
3-2: Ground out U3 (Groundball, 3L, EV 83.1 MPH)
Batting: RHB Dave Fredericks 0-0: Fly out, F8 (Flyball, 8LM, EV 90.0 MPH)
Bottom of the 8th over - 0 runs, 0 hits, 0 errors, 0 left on base; Miami (APP) 1 - Bristol 10
TOP OF THE 9TH
Miami (APP) Marlins batting - Pitching for Bristol Pirates : RHP Serguei Rudakovsky
Batting: SHB Greg Rivera 0-0: Ball
1-0: Ball
2-0: Called Strike
2-1: Swinging Strike
2-2: Ball
3-2: Strikes out looking
Batting: RHB David Martin 0-0: Ball
1-0: Ball
2-0: Ball
3-0: Called Strike
3-1: Called Strike
3-2: Strikes out swinging
Batting: RHB Rick English 0-0: Ball
1-0: Ball
2-0: Ball
3-0: Called Strike
3-1: Base on Balls
Batting: RHB Axel Moltke 0-0: Called Strike
0-1: Ball
1-1: Swinging Strike
1-2: Foul Ball, location: 2F
1-2: Strikes out swinging
Top of the 9th over - 0 runs, 0 hits, 0 errors, 1 left on base; Miami (APP) 1 - Bristol 10
Thursday, December 15th , 2022 - OOTP Baseball 23.9 Build 102